 Dungeon Crawl Stone Soup version 0.29.1-2-gbd0b4ee654 (webtiles) character file.

Game seed: 4847048707383880983

35 qeuew the Trooper (level 3, -7/29 HPs)
             Began as a Demonspawn Abyssal Knight on Nov 15, 2022.
             Was a Believer of Lugonu.
             Mangled by an ogre
             ... wielding a +0 giant club
              (17 damage)
             ... on level 2 of the Dungeon.
             The game lasted 00:01:04 (1462 turns).

qeuew the Trooper (Demonspawn Abyssal Knight)       Turns: 1462, Time: 00:01:05

Health: -7/29      AC:  3    Str: 13    XL:     3   Next: 17%
Magic:  5/5        EV: 11    Int: 11    God:    Lugonu [**....]
Gold:   56         SH:  0    Dex: 15    Spells: 2/2 levels left

rFire   . . .      SeeInvis .   a - +1 hand axe
rCold   . . .      Faith    .   (no shield)
rNeg    . . .      Spirit   .   c - +0 leather armour {Will+}
rPois   .          Reflect  .   (no helmet)
rElec   .          Harm     .   (no cloak)
rCorr   .          Rampage  .   (no gloves)
Will    +....                   (no boots)
Stlth   +.........              (no amulet)
HPRegen 0.09/turn               (no ring)
MPRegen 0.09/turn               (no ring)

@: no status effects
A: hooves 1, demonic magic 1
a: Renounce Religion, Depart the Abyss, Bend Space


You were on level 2 of the Dungeon.
You worshipped Lugonu.
Lugonu was pleased with you.
You visited 1 branch of the dungeon, and saw 2 of its levels.
You visited the Abyss 1 time.

You collected 56 gold pieces.

Inventory:

Hand Weapons
 a - a +1 hand axe (weapon)
Armour
 c - a +0 leather armour of willpower (worn)
Jewellery
 e - an amulet of guardian spirit
Scrolls
 b - a scroll of identify
 d - a scroll of teleportation
Potions
 f - 2 potions of resistance


   Skills:
 + Level 3.3 Fighting
 + Level 2.1 Axes
 + Level 2.1 Armour
 + Level 1.4 Dodging
 + Level 3.0 Invocations


You had 2 spell levels left.
You didn't know any spells.
Your spell library contained the following spells:

 Spells                   Type           Power      Damage    Failure   Level
 Ensorcelled Hibernation  Hex/Ice        0%         N/A       56%         2
 Passwall                 Tmut/Erth      0%         N/A       56%         2
 Swiftness                Air            0%         N/A       80%         3


Dungeon Overview and Level Annotations

Branches:
Dungeon (2/15)

Altars:

Shops:
D:2 (


Innate Abilities, Weirdness & Mutations

You have large cloven feet.
Spells you cast may paralyse adjacent enemies.


Message History

A kobold and an ogre come into view.
Found 11 gold pieces and 4 stones.
Found a faded altar of an unknown god.
The helpless kobold fails to defend itself.
You hit the kobold.
You kill the kobold!
Lugonu accepts your kill.
You hit the plant.
The plant begins to die.
You hit the plant.
The plant begins to die.
The ogre shouts!
Okay, then.
Unknown command.
Found a glowing short sword and a robe.
You see here a +0 short sword.
A nearby plant withers and dies.
The ogre barely misses you.
You hit the ogre.
The ogre is lightly wounded.
You hit the fungus.
The fungus begins to die.
You hit the plant.
The plant begins to die.
A nearby plant withers and dies.
The ogre hits you with a +0 giant club!!
Ouch! That really hurt!
You hit the ogre. You kick the ogre.
The ogre is moderately wounded.
You hit the plant. You hit the fungus. You barely miss the ogre.
Your kick misses the ogre.
The ogre is moderately wounded.
You hit the plant. You hit the fungus.
A nearby plant withers and dies.
A nearby fungus withers and dies.
The ogre misses you.
You hit the ogre. You kick the ogre, but do no damage.
The ogre is moderately wounded.
The ogre misses you.
Okay, then.
Okay, then.
You hit the ogre.
The ogre is moderately wounded.
The ogre barely misses you.
You slash the ogre! Your kick misses the ogre.
The ogre is severely wounded.
The ogre hits you with a +0 giant club!
Ouch! That really hurt!
You die...

#......... #.......#
#.......# #.......#
### #..<.# ###♣_♣###
♣#....# ##P.(.[.P##
.....## #P..P~P..P#
♣#.#.# #.O.~~..#
#...# #.@.)P# #..†#
#########)### #..###
#.....#P##..#
##)..###....##....##
#...........#.P####
##.)...........#
#........#######
##..........>#
#............#


You could see an ogre.

Vanquished Creatures
  3 dart slugs (D:1)
  5 endoplasms
  A giant cockroach (D:1)
  3 hobgoblins
  A quokka (D:1)
  3 ball pythons
  4 bats
  2 goblins (D:2)
  3 kobolds
  A rat (D:1)
26 creatures vanquished.

Vanquished Creatures (others)
  A fungus (D:2)
  3 plants (D:2)
4 creatures vanquished.

Grand Total: 30 creatures vanquished

Notes
Turn   | Place    | Note
-------+----------+-------------------------------------------
     0 | Abyss:1  | qeuew the Demonspawn Abyssal Knight began the quest for the
                  | Orb.
     0 | Abyss:1  | Reached XP level 1. HP: 18/18 MP: 2/2
     1 | D:1      | Escaped the Abyss
    41 | D:1      | Reached skill level 1 in Dodging
   468 | D:1      | Discovered your monstrous ancestry.
   468 | D:1      | Gained mutation: You have large cloven feet. [demonic
                  | ancestry]
   468 | D:1      | Reached XP level 2. HP: 23/24 MP: 4/4
  1321 | D:2      | Found Ypratom's Weapon Shop.
  1331 | D:2      | Gained mutation: Spells you cast may paralyse adjacent
                  | enemies. [demonic ancestry]
  1331 | D:2      | Reached XP level 3. HP: 25/29 MP: 5/5
  1453 | D:2      | Found a faded altar of an unknown god.
  1453 | D:2      | Noticed an ogre
  1462 | D:2      | Mangled by an ogre

Illustrated notes

Levels and vault maps discovered:
D:1:      minmay_arrival_three_doors, layout_basic, corexii_leaking_fountain
D:2:      kb_forest_paths, layout_rooms,
          dreamdust_ecumenical_altar_hidden_monk_grotto, serial_shops, shop,
          basic_altar

Skill      XL: |  1  2  3 |
---------------+----------+-----
Dodging        | 1 |  1.4
Armour         | 2 |  2.1
Axes           | 2 |  2.1
Invocations    | 3 |  3.0
Fighting       | |  3.3

Action                   || total
-------------------------++-------
Melee: Hand axe          ||    73
       Punch             ||     2
       Kick              ||    16
  Use: Scroll            ||     2
 Stab: Sleeping          ||     2
Armor: Leather armour    ||    24
Dodge: Dodged            ||    64
